[Event "ICC tourney 2047 (75 10)"]
[Site "Internet Chess Club"]
[Date "2020.10.09"]
[Round "1"]
[White "davidtxie"]
[Black "natez"]
[Result "1/2-1/2"]
[ICCResult "Game drawn by mutual agreement"]
[WhiteElo "1657"]
[BlackElo "1846"]
[Opening "Caro-Kann: exchange variation"]
[ECO "B13"]
[NIC "CK.02"]
[Time "20:06:03"]
[TimeControl "4500+10"]

1. e4 c6 2. d4 d5 3. exd5 cxd5 4. Bd3 Nc6 5. c3 Nf6 6. Ne2 g6 7. h3 Bg7 8.
Bf4 Bf5 9. Bxf5 gxf5 10. Nd2 e6 11. Nf3 Ne4 12. Ng3 Nxg3 13. Bxg3 Qb6 14.
Qe2 O-O 15. O-O Qd8 16. Rfe1 Ne7 17. Bh4 Qe8 18. Bxe7 Qxe7 19. Ne5 Kh8 20.
Qf3 Bxe5 21. Rxe5 Qg5 22. Re2 Rg8 23. Kh2 Rg7 24. Rg1 b5 25. Rc2 Rag8 26. b3
Rc8 27. Rgc1 Rcg8 28. Rg1 Qh4 29. Qe3 Qf6 30. g3 f4 31. Qe5 fxg3+ 32. Rxg3
Qxe5 33. dxe5 Rxg3 34. fxg3 Rc8 35. Kg1 d4 36. c4 bxc4 37. Rxc4 Rxc4 38.
bxc4 Kg8 39. Kf2 Kf8 40. Kf3 Ke7 41. Ke4 Kd7 42. Kxd4 Kc6 43. g4 h6 44. h4
Kb6 45. c5+ Kb5 46. g5 h5 47. a3 a6 48. a4+ Kc6 49. Kc4 Kd7 50. Kb4 Kc6 51.
Kc4 a5 52. Kd4 Kd7 53. Kc3 Kc7 54. Kb3 Kb7 55. Kc4 Kc6 56. Kd4 Kb7
{Game drawn by mutual agreement}
1/2-1/2

[Event "ICC tourney 2047 (75 10)"]
[Site "Internet Chess Club"]
[Date "2020.10.09"]
[Round "1"]
[White "awakeflood"]
[Black "WallyCleaver"]
[Result "0-1"]
[ICCResult "White resigns"]
[WhiteElo "1715"]
[BlackElo "1606"]
[Opening "Alekhine's defense: exchange variation"]
[ECO "B03"]
[NIC "AL.08"]
[Time "20:05:31"]
[TimeControl "4500+10"]

1. e4 Nf6 2. e5 Nd5 3. d4 d6 4. c4 Nb6 5. exd6 cxd6 6. Nc3 g6 7. Be3 Bg7 8.
Bd3 Nc6 9. Nge2 O-O 10. O-O Bd7 11. a3 e5 12. d5 Ne7 13. b4 Rc8 14. Qb3 Nf5
15. c5 Nxe3 16. fxe3 dxc5 17. bxc5 Rxc5 18. e4 Qc7 19. Rac1 Rc8 20. Bb5 Nc4
21. Bxd7 Qxd7 22. Na4 R5c7 23. Rfd1 Qd6 24. Rc3 Bf8 25. Ra1 Nd2 26. Qc2 Rxc3
27. Naxc3 Nc4 28. a4 Qc5+ 29. Kh1 a6 30. Qb3 Nd6 31. h3 Qc4 32. Qc2 b5 33.
axb5 axb5 34. Qb2 b4 35. Na4 Qxe4 36. Rb1 Rc2 37. Qxb4 Qxe2 38. Qg4
{White resigns}
0-1

[Event "ICC tourney 2047 (75 10)"]
[Site "Internet Chess Club"]
[Date "2020.10.09"]
[Round "1"]
[White "CRonaldo"]
[Black "gardemarin13"]
[Result "1/2-1/2"]
[ICCResult "Game drawn by mutual agreement"]
[WhiteElo "1650"]
[BlackElo "1878"]
[Opening "Sicilian: closed"]
[ECO "B25"]
[NIC "SI.45"]
[Time "20:05:37"]
[TimeControl "4500+10"]

1. e4 c5 2. Nc3 g6 3. g3 Bg7 4. Bg2 Nc6 5. d3 d6 6. Nge2 Rb8 7. a4 Nd4 8.
Nxd4 cxd4 9. Nd5 e5 10. O-O Be6 11. c4 Qd7 12. f4 Ne7 13. Nxe7 Qxe7 14. f5
Bd7 15. Qf3 f6 16. h4 gxf5 17. exf5 Bc6 18. Qh5+ Qf7 19. Bxc6+ bxc6 20. Qf3
d5 21. g4 Kd7 22. Qe2 dxc4 23. dxc4 Rb4 24. g5 Qxc4 25. Qh5 d3 26. Rd1 Qg4+
27. Qxg4 Rxg4+ 28. Kf2 e4 29. Rh1 Rf8 30. g6 hxg6 31. fxg6 Rxg6 32. h5 Rh8
33. Be3 Rg4 34. Rag1 Rxg1 35. Rxg1 Bh6 36. Bxa7 Ra8 37. Be3 Bxe3+ 38. Kxe3
f5 39. Kf4 Rxa4 40. h6 Ra8 41. Kxf5 Re8 42. h7 Rh8 43. Kxe4 Rxh7 44. Kxd3
Rh5 45. Rg6 Rc5 46. Rg4 Kc7 47. Rb4 Kd6 48. Rc4 Rxc4 49. Kxc4 c5 50. b4
{Game drawn by mutual agreement}
1/2-1/2

[Event "ICC tourney 2047 (75 10)"]
[Site "Internet Chess Club"]
[Date "2020.10.09"]
[Round "1"]
[White "chessmilano"]
[Black "subielife"]
[Result "1-0"]
[ICCResult "Black resigns"]
[WhiteElo "1732"]
[BlackElo "1494"]
[Opening "Czech Benoni defense"]
[ECO "A56"]
[NIC "OI.05"]
[Time "20:05:34"]
[TimeControl "4500+10"]

1. d4 c5 2. d5 Nf6 3. c4 e5 4. Nc3 d6 5. e4 h6 6. Bd3 Be7 7. h3 Bd7 8. Nge2
Qc8 9. Be3 Na6 10. a3 Rb8 11. Qd2 g5 12. Nb5 Ra8 13. b4 b6 14. Qb2 Nh5 15.
g4 Nf6 16. f3 Rg8 17. Ng3 Nc7 18. Nxc7+ Qxc7 19. bxc5 dxc5 20. Nf5 Bxf5 21.
exf5 a6 22. a4 Nd7 23. Be4 Bd6 24. h4 Ke7 25. Ke2 f6 26. hxg5 hxg5 27. Rh7+
Kf8 28. Rah1 b5 29. axb5 Rb8 30. Ra1 Qb7 31. Rb1 Rg7 32. Rhh1 Nb6 33. Rh8+
Rg8 34. Rxg8+ Kxg8 35. Bd3 Qh7 36. Bf2 Qh2 37. Qa1 e4 38. fxe4 Bg3 39. Rf1
Kf7 40. bxa6 Qg2 41. a7 Re8 42. Qb1 Re7 43. Qxb6 Rxe4+ 44. Kd1 Qf3+ 45. Kc2
Re2+ 46. Bxe2 Qxe2+ 47. Kb3 Qd3+ 48. Ka4 Qxc4+ 49. Ka5 Qa2+ 50. Kb5 Qe2+ 51.
Kc6 Qe8+ 52. Kxc5 Qe7+ 53. d6 Qe5+ 54. Kc6 Qxd6+ 55. Kb7 Qd7+ 56. Ka6 Qa4+
57. Qa5 Qc4+ 58. Kb7 Qe4+ 59. Kb6 Bxf2+ 60. Rxf2 Qd4+ 61. Qc5 Qd8+ 62. Qc7+
Qxc7+ 63. Kxc7 {Black resigns} 1-0

[Event "ICC tourney 2047 (75 10)"]
[Site "Internet Chess Club"]
[Date "2020.10.09"]
[Round "1"]
[White "avats"]
[Black "Boldmann"]
[Result "1/2-1/2"]
[ICCResult "Game drawn by mutual agreement"]
[WhiteElo "1606"]
[BlackElo "1769"]
[Opening "French: exchange variation"]
[ECO "C01"]
[NIC "FR.01"]
[Time "21:11:00"]
[TimeControl "4500+10"]

1. e4 e6 2. d4 d5 3. exd5 exd5 4. Nf3 Bd6 5. Bd3 Ne7 6. Bg5 f6 7. Bh4 Bf5 8.
O-O Bxd3 9. Qxd3 O-O 10. Nbd2 c6 11. c3 Ng6 12. Bg3 Bxg3 13. hxg3 Qd7 14.
Rfe1 Na6 15. Nb3 Rfe8 16. Qd2 Rxe1+ 17. Rxe1 Re8 18. Rxe8+ Qxe8 19. Qe1
Qxe1+ 20. Nxe1 b6 21. Nd3 Nc7 22. Kf1 Ne8 23. Ke2 Nd6 24. Nd2 f5 25. Ne5 Ne7
26. Ke3 g5 27. g4 fxg4 28. Nxg4 Nef5+ 29. Ke2 Nf7 30. Ne3 Nxe3 31. Kxe3 Kg7
32. Nf3 Kf6 33. Nh2 h5 34. f3 Nd6 35. b3 a5 36. Nf1 Kf5 37. Ng3+ Kg6 38. Ne2
Nf5+ 39. Kf2 h4 40. Ng1 Nd6 41. Ne2 Kf5 42. g3 Nb5 43. Kg2 hxg3 44. Kxg3 Nd6
45. Kf2 g4 46. fxg4+ Kxg4 47. Ke3 Nf5+ 48. Kd3 Kf3 49. c4 dxc4+ 50. bxc4 Ne7
51. Nc3 Kf4 52. a4 Kf5 53. d5 cxd5 54. cxd5 Ke5 55. Kc4 Nc8 56. Nb5 Kf6 57.
Kd4 Kf5 58. Kc3 Ke5 59. Kc4 Kf6 {Game drawn by mutual agreement} 1/2-1/2

[Event "ICC tourney 2047 (75 10)"]
[Site "Internet Chess Club"]
[Date "2020.10.09"]
[Round "1"]
[White "fasteagle1"]
[Black "mancogu"]
[Result "1/2-1/2"]
[ICCResult "Game drawn by mutual agreement"]
[WhiteElo "1751"]
[BlackElo "1582"]
[Opening "QGD: 4.Bg5"]
[ECO "D50"]
[NIC "QO.16"]
[Time "20:19:40"]
[TimeControl "4500+10"]

1. d4 d5 2. c4 e6 3. Nc3 Nf6 4. Bg5 c6 5. e3 Be7 6. Nf3 Nbd7 7. cxd5 Nxd5 8.
Bxe7 Qxe7 9. Bd3 Nxc3 10. bxc3 e5 11. Qc2 b6 12. O-O g6 13. Rfe1 O-O 14. a4
Bb7 15. a5 c5 16. a6 Bxf3 17. gxf3 exd4 18. exd4 Qf6 19. Be4 Rad8 20. Rad1
Rfe8 21. Qa4 cxd4 22. cxd4 Nf8 23. Qc6 Ne6 24. Bd5 Qg5+ 25. Kh1 Qxd5 26. Qc3
Nf4 27. Re3 Rxe3 28. Qxe3 Ne6 29. Rc1 Qg5 30. Qxg5 Nxg5 31. Rc7 Ra8 32. d5
Nxf3 33. d6 Rd8 34. d7 Kg7 35. Rxa7 Ne5 36. Rb7 Nxd7 37. a7 b5 38. Rxd7 Ra8
39. Rb7 b4 40. Kg2 b3 41. Rxb3 Rxa7 42. h4 Ra4 43. Kg3 h5 44. f4 Kf6 45. Kf3
Ra5 46. Rc3 Kf5 47. Rb3 f6 48. Re3 Ra1 49. Kg2 Kxf4 50. Rf3+ Ke5 51. Rg3 Kf5
52. Rf3+ Ke6 53. Rg3 Ra2+ 54. Kh3 Kf7 55. Rf3 Ra5 56. Kg3 Ke6 57. Re3+ Re5
58. Rf3 g5 59. hxg5 fxg5 60. Ra3 Kf6 61. Rf3+ Kg6 62. Ra3 Re6 63. Rb3 Rf6
64. Rb8 h4+ 65. Kg4 Rf4+ 66. Kh3 Rf3+ 67. Kg2 Rg3+ 68. Kh2 Kh5 69. Rb5 Rf3
70. Kg2 Kg4 71. Rxg5+ Kxg5 72. Kxf3 Kf5 73. Kg2 Kg4 74. Kh2 h3 75. Kg1 Kg3
76. Kh1 Kh4 77. Kh2 Kg4 78. Kg1 Kg3 79. Kh1 {Game drawn by mutual agreement}
1/2-1/2

[Event "ICC tourney 2047 (75 10)"]
[Site "Internet Chess Club"]
[Date "2020.10.10"]
[Round "2"]
[White "shubham14"]
[Black "betterone76"]
[Result "0-1"]
[ICCResult "White checkmated"]
[WhiteElo "1501"]
[BlackElo "1852"]
[Opening "English: Sicilian reversed"]
[ECO "A25"]
[NIC "EO.20"]
[Time "11:03:19"]
[TimeControl "4500+10"]

1. c4 e5 2. Nc3 Nc6 3. g3 f5 4. d3 Nf6 5. Bg2 Bb4 6. Bg5 O-O 7. e3 h6 8.
Bxf6 Qxf6 9. Ne2 d6 10. O-O Bxc3 11. Nxc3 Ne7 12. Qb3 Kh8 13. Rab1 Qg6 14.
Kh1 f4 15. e4 f3 16. Bxf3 Rxf3 17. Nb5 Bh3 18. Qd1 Raf8 19. Rg1 Rxf2 20.
Nxc7 Bg4 21. Qe1 Rxh2+ 22. Kxh2 Qh5+ 23. Kg2 Qh3# {White checkmated} 0-1

[Event "ICC tourney 2047 (75 10)"]
[Site "Internet Chess Club"]
[Date "2020.10.10"]
[Round "2"]
[White "Priccchess"]
[Black "M6northrup"]
[Result "1-0"]
[ICCResult "Black resigns"]
[WhiteElo "1778"]
[BlackElo "1628"]
[Opening "Giuoco Piano: four knights variation"]
[ECO "C50"]
[NIC "IG.02"]
[Time "11:02:33"]
[TimeControl "4500+10"]

1. e4 e5 2. Nf3 Nc6 3. Bc4 Bc5 4. Nc3 Nf6 5. O-O O-O 6. d3 h6 7. Be3 Bb6 8.
d4 exd4 9. Nxd4 Nxd4 10. Bxd4 d6 11. h3 c6 12. Re1 Ba5 13. Qf3 Be6 14. Bf1
Bxc3 15. Qxc3 d5 16. Bxf6 Qxf6 17. Qxf6 gxf6 18. Rad1 Rad8 19. exd5 Bxd5 20.
a3 Rfe8 21. Rxe8+ Rxe8 22. Bd3 Rd8 23. c4 {Black resigns} 1-0

[Event "ICC tourney 2047 (75 10)"]
[Site "Internet Chess Club"]
[Date "2020.10.10"]
[Round "2"]
[White "Florina12345"]
[Black "wahoo"]
[Result "1-0"]
[ICCResult "Black checkmated"]
[WhiteElo "1365"]
[BlackElo "1735"]
[Opening "Scotch game"]
[ECO "C45"]
[NIC "SO.05"]
[Time "11:02:36"]
[TimeControl "4500+10"]

1. e4 e5 2. Nf3 Nc6 3. d4 exd4 4. Nxd4 Bc5 5. Be3 Qf6 6. c3 Nge7 7. Bc4 Ne5
8. Be2 Qg6 9. O-O d6 10. Kh1 a6 11. Nd2 O-O 12. f4 Ng4 13. f5 Nxe3 14. fxg6
Nxd1 15. gxh7+ Kxh7 16. Raxd1 Bd7 17. Bc4 Kg8 18. N2f3 Ng6 19. Nb3 Ba7 20.
e5 b5 21. Bd5 c6 22. Be4 d5 23. Bb1 Bg4 24. Bxg6 fxg6 25. h3 Bf5 26. Nfd4
Rac8 27. Nxf5 Rxf5 28. Rxf5 gxf5 29. Nd4 Bxd4 30. cxd4 Kf7 31. Rc1 Ke6 32.
g3 g5 33. Kg2 f4 34. g4 Kd7 35. Rh1 c5 36. Rc1 cxd4 37. e6+ Kxe6 38. Rxc8 d3
39. Rc3 Ke5 40. Rxd3 Ke4 41. Ra3 d4 42. Rxa6 Ke3 43. Re6+ Kd2 44. Kf2 Kc2
45. b3 d3 46. Rc6+ Kd2 47. a4 b4 48. a5 Kd1 49. a6 d2 50. a7 f3 51. h4 gxh4
52. a8=R h3 53. Ra1# {Black checkmated} 1-0

[Event "ICC tourney 2047 (75 10)"]
[Site "Internet Chess Club"]
[Date "2020.10.10"]
[Round "2"]
[White "chessmaster0981"]
[Black "Eagle2020"]
[Result "1/2-1/2"]
[ICCResult "Game drawn by mutual agreement"]
[WhiteElo "1631"]
[BlackElo "1515"]
[Opening "Queen's pawn game"]
[ECO "D05"]
[NIC "QO.17"]
[Time "11:02:23"]
[TimeControl "4500+10"]

1. d4 e6 2. Nf3 d5 3. e3 Nf6 4. Bd3 Nc6 5. a3 a5 6. b3 b6 7. Bb2 Ba6 8. O-O
Bxd3 9. Qxd3 Bd6 10. Nbd2 O-O 11. e4 dxe4 12. Nxe4 Nxe4 13. Qxe4 Ne7 14.
Rad1 Nd5 15. c4 Nf6 16. Qc2 Qe7 17. d5 Rad8 18. dxe6 Qxe6 19. Rfe1 Qg4 20.
Bxf6 gxf6 21. Rd4 Bxh2+ 22. Kxh2 Rxd4 23. Nxd4 Qxd4 24. Re4 Qd6+ 25. g3 f5
26. Rh4 Qf6 27. Qd2 Rd8 28. Qf4 {Game drawn by mutual agreement} 1/2-1/2

[Event "ICC tourney 2047 (75 10)"]
[Site "Internet Chess Club"]
[Date "2020.10.10"]
[Round "2"]
[White "Chess121"]
[Black "rcww2020"]
[Result "0-1"]
[ICCResult "White checkmated"]
[WhiteElo "1373"]
[BlackElo "1692"]
[Opening "Old Benoni defense"]
[ECO "A43"]
[NIC "OI.09"]
[Time "11:02:28"]
[TimeControl "4500+10"]

1. d4 c5 2. Nf3 e6 3. Bf4 Nc6 4. e3 Nf6 5. Nbd2 Be7 6. h3 d5 7. c3 Bd7 8.
Bd3 Qb6 9. Qb3 c4 10. Qxb6 axb6 11. Bc2 O-O 12. O-O Ra6 13. e4 Rfa8 14. a3
b5 15. exd5 Nxd5 16. Bh2 b4 17. cxb4 Ncxb4 18. Rac1 Nxc2 19. Rxc2 b5 20. Ne5
Be8 21. Nb1 f6 22. Nf3 Bg6 23. Rcc1 Bxb1 24. Rxb1 c3 25. bxc3 Nxc3 26. Rb3
Rxa3 27. Rxa3 Rxa3 28. Re1 Kf7 29. Re3 Ra1+ 30. Re1 Rxe1+ 31. Nxe1 b4 32.
Nf3 b3 33. Nd2 b2 34. Kf1 b1=Q+ 35. Nxb1 Nxb1 36. Ke2 Nc3+ 37. Kd3 Nd5 38.
Ke4 Bd8 39. f4 f5+ 40. Kd3 Bc7 41. g3 h6 42. Ke2 g5 43. fxg5 hxg5 44. Kf3
Kg6 45. Bg1 Bb6 46. g4 e5 47. Ke2 Bxd4 48. Bxd4 exd4 49. Kd3 Nf4+ 50. Kxd4
Nxh3 51. gxf5+ Kxf5 52. Ke3 Kg4 53. Ke2 Kg3 54. Kf1 Nf4 55. Kg1 g4 56. Kh1
Ne6 57. Kg1 Kh3 58. Kh1 g3 59. Kg1 g2 60. Kf2 Kh2 61. Ke2 g1=Q 62. Kd3 Kg3
63. Ke4 Nf8 64. Kd5 Qe1 65. Kd4 Qe2 66. Kd5 Ng6 67. Kd4 Nh4 68. Kd5 Qe3 69.
Kc4 Qd2 70. Kc5 Qd3 71. Kc6 Qd4 72. Kb7 Qc5 73. Ka8 Qb5 74. Ka7 Kf4 75. Ka8
Ke5 76. Ka7 Kd6 77. Ka8 Kc7 78. Ka7 Qb7# {White checkmated} 0-1

[Event "ICC tourney 2047 (75 10)"]
[Site "Internet Chess Club"]
[Date "2020.10.10"]
[Round "2"]
[White "Nikhilp"]
[Black "yogokings12"]
[Result "0-1"]
[ICCResult "White resigns"]
[WhiteElo "1803"]
[BlackElo "1709"]
[Opening "Sicilian: dragon, Yugoslav attack, 10.O-O-O"]
[ECO "B78"]
[NIC "SI.18"]
[Time "11:02:30"]
[TimeControl "4500+10"]

1. e4 c5 2. Nf3 d6 3. d4 cxd4 4. Nxd4 Nf6 5. Nc3 g6 6. Be3 Bg7 7. f3 O-O 8.
Bc4 Nc6 9. Qd2 Bd7 10. O-O-O Rc8 11. Bb3 Ne5 12. Kb1 Re8 13. g4 b5 14. h4 b4
15. Nd5 Nxd5 16. Bxd5 e6 17. Bb3 a5 18. f4 Nxg4 19. f5 Nxe3 20. Qxe3 a4 21.
fxe6 fxe6 22. h5 axb3 23. Qxb3 Bxd4 24. Rxd4 Qf6 25. Rdd1 g5 26. Rhg1 h6 27.
Rgf1 Qe7 28. Rf2 Rf8 29. Rfd2 d5 30. exd5 exd5 31. Qxd5+ Be6 32. Qd3 Bf5 33.
Qd4 Qc5 34. Qxc5 Rxc5 35. b3 Rfc8 36. Rc1 g4 37. Rg2 Rxc2 38. Rcxc2 Rxc2 39.
Rxg4+ Bxg4 40. Kxc2 Bxh5 {White resigns} 0-1

[Event "ICC tourney 2047 (75 10)"]
[Site "Internet Chess Club"]
[Date "2020.10.10"]
[Round "2"]
[White "joeandjoe56"]
[Black "avats"]
[Result "1-0"]
[ICCResult "Black resigns"]
[WhiteElo "1778"]
[BlackElo "1593"]
[Opening "French: Tarrasch, closed variation"]
[ECO "C05"]
[NIC "FR.17"]
[Time "11:02:34"]
[TimeControl "4500+10"]

1. e4 e6 2. d4 d5 3. Nd2 Nf6 4. e5 Nfd7 5. Bd3 c5 6. c3 Nc6 7. Ne2 Qb6 8.
Nf3 cxd4 9. cxd4 Bb4+ 10. Bd2 Bxd2+ 11. Qxd2 Qb4 12. Rc1 Qxd2+ 13. Kxd2 O-O
14. Bb5 Ndb8 15. Rc3 Bd7 16. Rhc1 Rc8 17. Ne1 a6 18. Ba4 b5 19. Bb3 Ra7 20.
Nd3 Kf8 21. Nc5 Ke7 22. Ke3 Rac7 23. Nf4 g6 24. h4 Kd8 25. g4 Na5 26. h5 Nb7
27. Nfd3 Nxc5 28. Nxc5 b4 29. R3c2 Bb5 30. Nb7+ Kd7 31. Nd6 Rxc2 32. Bxc2
Rf8 33. Nxb5 axb5 34. Bd3 b3 35. Bxb5+ Ke7 36. a4 Rd8 37. a5 Kf8 38. Rc7 Kg7
39. a6 Nxa6 40. Bxa6 Ra8 41. Rc6 Rb8 42. hxg6 hxg6 43. Kd3 Kh6 44. Rc7 Kg7
45. Kc3 Rb6 46. Be2 Rb8 47. Bd1 Ra8 48. Bxb3 Ra1 49. Kd2 Rg1 50. Bd1 Rg2 51.
Ke3 Rg1 52. Rc1 Kf8 53. b4 Ke7 54. b5 Kd8 55. b6 {Black resigns} 1-0

[Event "ICC tourney 2047 (75 10)"]
[Site "Internet Chess Club"]
[Date "2020.10.10"]
[Round "2"]
[White "Boldmann"]
[Black "MacAndSneeze"]
[Result "1-0"]
[ICCResult "Black checkmated"]
[WhiteElo "1787"]
[BlackElo "1483"]
[Opening "Sicilian: Najdorf, Poisoned pawn variation"]
[ECO "B97"]
[NIC "SI.08"]
[Time "11:03:06"]
[TimeControl "4500+10"]

1. e4 c5 2. Nf3 d6 3. d4 cxd4 4. Nxd4 Nf6 5. Nc3 a6 6. Bg5 e6 7. f4 Qb6 8.
Qd2 Qxb2 9. Rb1 Qa3 10. Be2 Be7 11. O-O Qc5 12. Kh1 Bd7 13. Rxb7 Nc6 14. Nb3
Qa3 15. e5 Nd5 16. Nxd5 exd5 17. Qxd5 Qxa2 18. Rxd7 Qxc2 19. Rxe7+ Nxe7 20.
Qxa8+ Kd7 21. Qb7+ Qc7 22. Bg4+ Kd8 23. Qa8+ Qc8 24. Qxc8# {Black
checkmated} 1-0

[Event "ICC tourney 2047 (75 10)"]
[Site "Internet Chess Club"]
[Date "2020.10.10"]
[Round "2"]
[White "wulovechess"]
[Black "awakeflood"]
[Result "0-1"]
[ICCResult "White resigns"]
[WhiteElo "1393"]
[BlackElo "1780"]
[Opening "French: advance, Paulsen attack"]
[ECO "C02"]
[NIC "FR.03"]
[Time "11:02:38"]
[TimeControl "4500+10"]

1. e4 e6 2. d4 d5 3. e5 c5 4. c3 Nc6 5. Nf3 Qb6 6. Be2 Nh6 7. O-O Nf5 8. Na3
cxd4 9. cxd4 Bxa3 10. bxa3 Nfxd4 11. Nxd4 Qxd4 12. Be3 Qxd1 13. Rfxd1 Nxe5
14. Rac1 Nc6 15. Bf4 O-O 16. Bd6 Rd8 17. Bc7 Rd7 18. Bg3 a6 19. a4 f6 20.
Bg4 f5 21. Bh5 g6 22. Bf3 g5 23. h3 f4 24. Bh2 Ne5 25. Be2 d4 26. Rc5 d3 27.
Rxe5 dxe2 28. Rxd7 Bxd7 29. Rxe2 Rc8 30. Kh1 Rc1+ 31. Bg1 Rc4 32. a5 Rc5 33.
f3 Rxa5 34. Bb6 Rb5 35. Bd8 h6 36. Rc2 Bc6 37. Rd2 Kf7 38. Bc7 Rb1+ 39. Kh2
b5 40. Rd6 Rc1 41. h4 Rc2 42. Kh3 Ke7 43. hxg5 hxg5 44. Rd3 Bd5 45. Be5 Rxa2
46. Rc3 Bc4 47. Rc1 a5 48. Rd1 a4 49. Bd6+ Kf7 50. Bb4 Rb2 51. Ba3 Rb3 52.
Rd7+ Ke8 53. Re7+ Kd8 54. Bc5 a3 55. Ra7 b4 56. Ra8+ Kd7 57. Ra4 Kc6 58.
Bxb4 Kb5 59. Rxa3 Kxb4 60. Rxb3+ Kxb3 61. Kg4 Bf1 62. Kxg5 Bxg2 63. Kxf4 Bh3
64. Ke4 Kc4 65. Ke5 Bf5 66. f4 Kd3 67. Kf6 Ke3 68. Ke5 Kf3 69. Kf6 Kxf4 70.
Ke7 e5 {White resigns} 0-1

[Event "ICC tourney 2047 (75 10)"]
[Site "Internet Chess Club"]
[Date "2020.10.10"]
[Round "2"]
[White "natez"]
[Black "CRonaldo"]
[Result "1-0"]
[ICCResult "Black checkmated"]
[WhiteElo "1856"]
[BlackElo "1634"]
[Opening "Queen's pawn game"]
[ECO "D05"]
[NIC "QP.08"]
[Time "11:02:33"]
[TimeControl "4500+10"]

1. d4 d5 2. Nf3 Nf6 3. e3 e6 4. Bd3 c6 5. O-O Bd6 6. Ne5 Nbd7 7. f4 c5 8. c3
O-O 9. Nd2 Ne8 10. Qh5 h6 11. Rf3 Ndf6 12. Qh4 c4 13. Bc2 Be7 14. Qh3 Nd6
15. g4 Nfe4 16. Nxe4 dxe4 17. Rg3 f6 18. Ng6 Re8 19. Qg2 f5 20. gxf5 exf5
21. Bd1 Bf6 22. Bh5 Be6 23. Ne5 Nf7 24. Bxf7+ Bxf7 25. Qh3 Rxe5 26. fxe5 Bh4
27. Rg2 Be6 28. Bd2 Kh7 29. Be1 Bxe1 30. Rxe1 g5 31. Rf1 Qd7 32. Rxg5 f4 33.
Qh5 Bf7 34. Qh4 fxe3 35. Rf6 h5 36. Rxh5+ Bxh5 37. Qxh5+ Kg8 38. Rg6+ Kf7
39. Qh7+ Ke8 40. Rg8# {Black checkmated} 1-0

[Event "ICC tourney 2047 (75 10)"]
[Site "Internet Chess Club"]
[Date "2020.10.10"]
[Round "2"]
[White "Knightboy123"]
[Black "kirikiri007"]
[Result "1/2-1/2"]
[ICCResult "Game drawn by mutual agreement"]
[WhiteElo "1645"]
[BlackElo "1578"]
[Opening "Ruy Lopez: Cozio defense"]
[ECO "C60"]
[NIC "RL.04"]
[Time "11:02:30"]
[TimeControl "4500+10"]

1. e4 e5 2. Nf3 Nc6 3. Bb5 Nge7 4. c3 g6 5. O-O Bg7 6. Re1 O-O 7. d3 h6 8.
d4 exd4 9. cxd4 d5 10. e5 a6 11. Ba4 Kh7 12. Nc3 Bg4 13. Be3 f6 14. e6 Bxe6
15. Bxh6 Bf7 16. Bxg7 Kxg7 17. Bc2 Rh8 18. a3 Qd7 19. Re3 Rh6 20. h3 Rah8
21. Nh2 Be6 22. Ne2 g5 23. Qd2 {Game drawn by mutual agreement} 1/2-1/2

[Event "ICC tourney 2047 (75 10)"]
[Site "Internet Chess Club"]
[Date "2020.10.10"]
[Round "2"]
[White "GalaxyToast"]
[Black "angelpawn"]
[Result "0-1"]
[ICCResult "White resigns"]
[WhiteElo "1354"]
[BlackElo "1614"]
[Opening "Dutch"]
[ECO "A80"]
[NIC "HD.12"]
[Time "11:02:40"]
[TimeControl "4500+10"]

1. d4 f5 2. Nf3 Nf6 3. g3 g6 4. Bg2 Bg7 5. b3 O-O 6. Bb2 d6 7. O-O c6 8. c4
Na6 9. d5 c5 10. Ng5 Bd7 11. Nc3 Nc7 12. h4 Rb8 13. a4 a6 14. a5 b5 15. Qc2
bxc4 16. bxc4 Ng4 17. Nd1 h6 18. Nh3 Ne5 19. e4 Rb4 20. Ne3 Rxb2 21. Qxb2
Nf3+ {White resigns} 0-1

[Event "ICC tourney 2047 (75 10)"]
[Site "Internet Chess Club"]
[Date "2020.10.10"]
[Round "2"]
[White "TacticalVM"]
[Black "FL2009"]
[Result "0-1"]
[ICCResult "White resigns"]
[WhiteElo "1668"]
[BlackElo "1851"]
[Opening "Ruy Lopez: Berlin defense, open variation"]
[ECO "C67"]
[NIC "RL.07"]
[Time "11:02:23"]
[TimeControl "4500+10"]

1. e4 e5 2. Nf3 Nc6 3. Bb5 Nf6 4. O-O Nxe4 5. d4 Nd6 6. Bxc6 dxc6 7. Nxe5
Be7 8. Re1 O-O 9. c4 Bf6 10. b3 Re8 11. Nc3 c5 12. Bf4 cxd4 13. Nd5 c5 14.
Qd2 Bf5 15. Nxf6+ Qxf6 16. Bg5 Ne4 17. Rxe4 Qd6 18. Re3 f6 19. Bf4 fxe5 20.
Rae1 Qg6 21. Rxe5 b6 22. Qe2 Bd7 23. Qf3 Bc6 24. Qg3 Rxe5 25. Bxe5 Qxg3 26.
Bxg3 Rd8 27. Kf1 d3 28. f3 b5 29. Kf2 bxc4 30. bxc4 d2 31. Rd1 Ba4 32. Ke2
Bxd1+ 33. Kxd1 Rd4 34. Bf2 Rxc4 35. Kxd2 Ra4 36. Bxc5 Rxa2+ 37. Ke3 Rxg2 38.
Bxa7 Rxh2 39. Bb8 Ra2 40. f4 g6 41. Ke4 Kf7 42. Be5 Ke6 43. Bd4 Ra4 44. Ke3
Kf5 45. Be5 Re4+ 46. Kf3 Rxe5 47. fxe5 Kxe5 {White resigns} 0-1

[Event "ICC tourney 2047 (75 10)"]
[Site "Internet Chess Club"]
[Date "2020.10.10"]
[Round "2"]
[White "TheSuperKing"]
[Black "alexsaidfeghhi"]
[Result "0-1"]
[ICCResult "White checkmated"]
[WhiteElo "1702"]
[BlackElo "1879"]
[Opening "Sicilian: Taimanov variation"]
[ECO "B49"]
[NIC "SI.39"]
[Time "11:02:27"]
[TimeControl "4500+10"]

1. e4 c5 2. Nf3 e6 3. d4 cxd4 4. Nxd4 Nc6 5. Be3 Qc7 6. Nc3 a6 7. Be2 Nf6 8.
O-O Bb4 9. Bd3 Ne5 10. Nce2 Neg4 11. Bf4 e5 12. Bg3 Nh6 13. Nf3 d6 14. c3
Bc5 15. Qc2 O-O 16. Nd2 Nh5 17. Kh1 f5 18. f4 Nxg3+ 19. Nxg3 Ng4 20. Nc4 b5
21. h3 bxc4 22. Bxc4+ Kh8 23. hxg4 Qe7 24. g5 exf4 25. Nh5 Qxg5 26. Nxf4
Qh4+ 27. Nh3 f4 28. Qe2 Bg4 29. Qe1 Qh5 30. Kh2 f3 31. Qg3 Be3 32. Kh1 Bf4
33. Qf2 Bxh3 34. gxh3 Qxh3+ 35. Kg1 Rf6 36. Bf7 Qg4+ 37. Kh1 Rh6+ 38. Bh5
Rxh5+ 39. Qh4 Rxh4# {White checkmated} 0-1

[Event "ICC tourney 2047 (75 10)"]
[Site "Internet Chess Club"]
[Date "2020.10.10"]
[Round "2"]
[White "Cgchess"]
[Black "cdj12417489"]
[Result "1-0"]
[ICCResult "Black resigns"]
[WhiteElo "1334"]
[BlackElo "1280"]
[Opening "Sicilian: Najdorf"]
[ECO "B90"]
[NIC "SI.14"]
[Time "11:02:28"]
[TimeControl "4500+10"]

1. e4 c5 2. Nc3 d6 3. Nf3 a6 4. d4 cxd4 5. Nxd4 Nf6 6. Qf3 Nbd7 7. Qe2 Qc7
8. Be3 e6 9. O-O-O b5 10. a3 Bb7 11. f3 Rc8 12. g3 Qa5 13. Nb3 Qc7 14. Kb1
d5 15. exd5 Nxd5 16. Nxd5 Bxd5 17. Rxd5 exd5 18. Bf4+ Ne5 19. Bxe5 Qe7 20.
Bc3 Qxe2 21. Bxe2 f6 22. Re1 Kf7 23. f4 g6 24. Bg4 Rxc3 25. bxc3 f5 26. Bf3
Bxa3 27. Bxd5+ Kg7 28. c4 Bb4 29. Re5 bxc4 30. Bxc4 Ra8 31. Kb2 a5 32. c3
Bd6 33. Rxa5 Rxa5 34. Nxa5 Kf6 35. Nc6 g5 36. fxg5+ Kxg5 37. Nd4 f4 38. Ne6+
Kg4 39. Nxf4 Bxf4 40. gxf4 Kxf4 41. h3 Ke5 42. Kc2 Kd6 43. Bd3 h6 44. Bf5
Kd5 45. Bg4 Kc4 46. Be6+ Kc5 47. Kd3 Kd6 48. Bg4 Kd5 49. c4+ Kc5 50. h4 Kc6
51. Kd4 Kd6 52. c5+ Kc6 53. Bf3+ Kc7 54. Kd5 Kd7 55. c6+ Kc7 56. Bg4 Kb8 57.
Kd6 {Black resigns} 1-0